 Dungeon Crawl Stone Soup version 0.28.0-45-g0d030f2227 (webtiles) character file.

Game seed: 16568956146567177076

595 jimonade the Covert (level 7, -4/41 HPs)
             Began as a Kobold Brigand on Apr 6, 2022.
             Slain by an ogre
             ... wielding a +0 giant club
              (14 damage)
             ... on level 4 of the Dungeon.
             The game lasted 00:13:00 (5018 turns).

jimonade the Covert (Kobold Brigand)                Turns: 5018, Time: 00:13:02

Health: -4/41      AC:  8    Str: 10    XL:     7   Next: 67%
Magic:  7/7        EV: 15    Int: 12    God:
Gold:   134        SH:  0    Dex: 17    Spells: 6/6 levels left

rFire   . . .      SeeInvis +   a - +2 dagger (chaos)
rCold   . . .      Faith    .   (no shield)
rNeg    + . .      Spirit   .   v - +3 robe of the Bruised Planets {rN+ Will- SInv}
rPois   .          Reflect  .   z - +0 helmet
rElec   .          Harm     .   c - +0 cloak
rCorr   .          Rampage  .   (no gloves)
Will    .....                   f - +0 pair of boots
Stlth   ++++++....              (no amulet)
HPRegen 0.13/turn               (no ring)
MPRegen 0.10/turn               (no ring)

@: no status effects
A: small, no large weapons, nightstalker 3
a: no special abilities


You were on level 4 of the Dungeon.
You visited 1 branch of the dungeon, and saw 4 of its levels.
You also visited: Sewer.

You collected 134 gold pieces.

Inventory:

Hand Weapons
 a - a +2 dagger of chaos (weapon)
 b - a +0 spear
 j - a +0 rapier
 I - a +1 short sword of freezing
Missiles
 d - 11 poisoned darts (quivered)
 e - 3 curare-tipped darts
 l - 36 arrows
 n - 68 stones
 C - 45 bolts
Armour
 c - a +0 cloak (worn)
 f - a +0 pair of boots (worn)
 g - a +0 chain mail
 k - a +0 ring mail
 v - the +3 robe of the Bruised Planets (worn) {rN+ Will- SInv}
   (You found it on level 2 of the Dungeon)

   rN:        It protects you from negative energy.
   SInv:      It lets you see invisible.
   Will:      It decreases your willpower.
 y - a +0 leather armour
 z - a +0 helmet (worn)
 A - a +0 chain mail
Jewellery
 o - a ring of ice
 w - a +6 ring of intelligence
Scrolls
 p - a scroll of amnesia {unknown}
 q - a scroll of teleportation
 r - a scroll of fear {unknown}
 s - a scroll of fog {unknown}
 u - a scroll of identify {unknown}
 E - a scroll of magic mapping {unknown}
 G - 2 scrolls of blinking {unknown}
 J - a scroll of brand weapon
Potions
 h - a potion of might {unknown}
 i - a potion of attraction {unknown}
 m - a potion of flight {unknown}
 t - 2 potions of lignification {unknown}
 x - 2 potions of degeneration {unknown}
 B - 2 potions of heal wounds {unknown}
 D - a potion of mutation {unknown}
 F - a potion of magic {unknown}
 H - a potion of experience {unknown}
 K - a potion of curing {unknown}


   Skills:
 * Level 3.5 Fighting
 + Level 4.8 Short Blades
 + Level 2.8 Throwing
 + Level 2.2 Dodging
 * Level 10.2 Stealth


You had 6 spell levels left.
You didn't know any spells.
Your spell library contained the following spells:

 Spells                   Type           Power      Damage    Failure   Level
 Gell's Gravitas          Tloc           0%         N/A       69%         3
 Lesser Beckoning         Tloc           0%         N/A       69%         3
 Teleport Other           Tloc           0%         N/A       69%         3


Dungeon Overview and Level Annotations

Branches:
Dungeon (4/15)              Sewer (visited)
 Temple: D:4-7

Altars:
Ru
Sif Muna
Trog


Innate Abilities, Weirdness & Mutations

You are small and have problems with some larger weapons.
You are completely attuned to the shadows.


Message History

You see here 4 poisoned darts.
d - 12 poisoned darts (gained 4)
The ogre misses you.
You hit the ogre but do no damage. Lightning courses through the ogre!
The ogre is heavily wounded.
You hit the ogre. You freeze the ogre.
The ogre is heavily wounded.
The ogre misses you. The ogre misses you.
You hit the ogre.
The ogre seems to grow stronger.
The ogre is severely wounded.
The ogre hits you with a +0 giant club!!
You hit the ogre but do no damage.
The ogre is severely wounded.
The ogre closely misses you. The ogre misses you.
The ogre no longer looks unusually strong.
You completely miss the ogre.
The ogre is severely wounded.
The ogre hits you with a +0 giant club!!
* * * LOW HITPOINT WARNING * * *
You barely miss the ogre.
The ogre is severely wounded.
The ogre misses you.
You hit the ogre but do no damage.
The ogre is severely wounded.
You hit the ogre but do no damage.
The ogre is severely wounded.
The ogre misses you.
You hit the ogre. You burn the ogre.
The ogre is almost dead.
You are too injured to fight recklessly!
You are too injured to fight recklessly!
Throw: 12 darts (poison)
Press: ? - help, Q - select action, (/) - cycle Shift-Dir - straight line, f - ogre
Aim: an ogre, wielding a +0 giant club (almost dead, 76% to hit)
You throw a poisoned dart.
The poisoned dart completely misses the ogre.
The ogre hits you with a +0 giant club!
You die...

#.≈.≈#≈.≈#
#..≈≈#≈≈≈#
#...≈'####
#..≈≈≈≈≈≈#
#....≈≈≈≈#
#......≈.#
#........#
#...###### ##@##
#O# #.# ##.#
###############.(#
#...............##
#.......#########
#.......#
#.......#


You could see an ogre.

Vanquished Creatures
  Sigmund (D:2)
  A black bear (D:4)
  A kobold brigand (Sewer)
  Jessica (D:3)
  A howler monkey skeleton (D:4)
  8 gnolls
  5 adders
  5 river rats (Sewer)
  A worm (D:2)
  A dart slug (D:2)
  7 ball pythons
  5 endoplasms
  2 giant cockroaches (D:1)
  2 goblins
  4 hobgoblins
  5 jackals
  5 quokkas
  5 bats
  4 frilled lizards
  16 kobolds
  5 rats
85 creatures vanquished.

Vanquished Creatures (others)
  50 plants
50 creatures vanquished.

Grand Total: 135 creatures vanquished

Notes
Turn   | Place    | Note
-------+----------+-------------------------------------------
     0 | D:1      | jimonade the Kobold Brigand began the quest for the Orb.
     0 | D:1      | Reached XP level 1. HP: 12/12 MP: 1/1
   125 | D:1      | Reached XP level 2. HP: 17/17 MP: 2/2
   154 | D:1      | Reached skill level 6 in Stealth
   821 | D:1      | Reached XP level 3. HP: 21/21 MP: 3/3
  1247 | D:2      | Reached skill level 7 in Stealth
  1247 | D:2      | Reached XP level 4. HP: 23/27 MP: 4/4
  1299 | D:2      | Identified the +3 robe of the Bruised Planets {rN+ Will-
                  | SInv}
  1361 | D:2      | Noticed Sigmund
  1365 | D:2      | Killed Sigmund
  1366 | D:2      | Reached skill level 8 in Stealth
  1366 | D:2      | Reached XP level 5. HP: 32/32 MP: 5/5
  1366 | D:2      | Reached XP level 6. HP: 37/37 MP: 6/6
  2397 | D:3      | Reached skill level 9 in Stealth
  3093 | D:3      | Found a sacrificial altar of Ru.
  3139 | D:3      | Noticed Jessica
  3154 | D:3      | Killed Jessica
  3414 | D:3      | Found a shimmering blue altar of Sif Muna.
  3646 | D:3      | Found a faded altar of an unknown god.
  3856 | D:4      | Noticed a black bear
  3860 | D:4      | Killed a black bear
  3861 | D:4      | Reached XP level 7. HP: 41/41 MP: 7/7
  3886 | D:4      | Found a glowing drain.
  3891 | Sewer    | Entered a sewer
  4420 | Sewer    | Reached skill level 10 in Stealth
  4858 | D:4      | Found a bloodstained altar of Trog.
  5018 | D:4      | Slain by an ogre

Illustrated notes

Levels and vault maps discovered:
D:1:      scummos_arrival_simple_fountains, layout_rooms, serial_bayou_pond_d,
          lexackson_kobold_supper
D:2:      wad_woods_settlement, layout_loops_ring, uniq_sigmund
D:3:      layout_basic, nicolae_ru_the_path_less_chosen, led_sif_pool,
          shapermc_ecumenical_altar_notcrosses, uniq_jessica
D:4:      layout_rooms, trog_hazing_becter, portal_sewer_entry_e

Skill      XL: |  1  2  3  4  5  6  7 |
---------------+----------------------+-----
Stealth        | 6 7 8 9 10 | 10.2
Short Blades   | 3 4 |  4.8
Fighting       | 3 |  3.5
Dodging        | 2 |  2.2
Throwing       | |  2.8

Action                   |  1- 3 |  4- 6 |  7- 9 || total
-------------------------+-------+-------+-------++-------
Melee: Dagger            |    97 |    79 |   169 ||   345
       Punch             |       |     1 |     5 ||     6
Throw: Dart              |     8 |     5 |     1 ||    14
  Use: Scroll            |       |     2 |       ||     2
 Stab: Sleeping          |    14 |    14 |    14 ||    42
       Distracted        |     1 |       |       ||     1
Armor: Robe              |    22 |     7 |    17 ||    46
Dodge: Dodged            |    57 |    39 |    64 ||   160
